Map: Romanticide LE

Players

Stats - Winner!

  • Race: Protoss Protoss
  • Spawn Location: 11:00

soul

  • Race: Terran Terran
  • Spawn Location: 5:00

Event: StayAtHome Story Cup #3

VOD

Have the link to the VOD?

Description

Time

  • Played on: March 13, 2021, 10:23 a.m.
  • Length: 6:15

All games in this series

Show
View Real Time Build Order
Export as new Build Order

Stats Protoss - Winner!

Build Orders: 1 Gate Expand, Blink Stalkers 

Get SALT Encoding   

  12  0:00  Probe  
  13  0:12  Probe  
  14  0:17  Pylon  
  14  0:24  Probe (Chrono Boost)  
  15  0:36  Probe (Chrono Boost)  
  15  0:37  Gateway  
  16  0:45  Probe (Chrono Boost)  
  16  0:47  Assimilator  
  17  0:51  Probe  
  18  1:03  Probe  
  19  1:15  Probe  
  20  1:24  Cybernetics Core  
  20  1:32  Nexus  
  20  1:35  Probe  
  21  1:41  Pylon  
  21  1:46  Assimilator  
  21  1:50  Probe  
  22  1:58  Adept (Chrono Boost)  
  24  2:02  Probe  
  24  2:03  Warp Gate  
  25  2:14  Probe  
  26  2:18  Adept (Chrono Boost)  
  28  2:26  Twilight Council  
  28  2:27  Probe  
  29  2:39  Probe (Chrono Boost)  
  30  2:44  Probe (Chrono Boost)  
  32  2:51  Robotics Facility  
  32  2:56  Probe (Chrono Boost)  
  32  2:57  Probe (Chrono Boost)  
  33  3:02  Probe (Chrono Boost)  
  33  3:03  Gateway  
  33  3:04  Probe (Chrono Boost)  
  35  3:11  Probe  
  36  3:15  Probe, Blink (Chrono Boost)  
  37  3:22  Gateway  
  37  3:23  Probe  
  38  3:28  Gateway  
  38  3:35  Probe x2  
  38  3:38  Observer  
  41  3:41  Pylon  
  41  3:47  Probe  
  41  3:48  Probe  
  43  3:57  Assimilator  
  43  3:59  Warp Prism  
  45  4:03  Probe x2  
  45  4:04  Stalker x2  
  51  4:17  Pylon  
  51  4:28  Stalker  
  53  4:34  Pylon  
  53  4:35  Stalker x3  
  53  4:36  Assimilator  
  59  4:41  Probe  
  59  4:42  Probe  
  61  4:48  Observer, Pylon  
  61  5:01  Stalker x4  
  69  5:25  Stalker x4  
  65  5:36  Probe x2  
  65  5:37  Observer  
  65  5:48  Probe  
  66  5:51  Stalker x4  
  66  5:53  Probe  
  66  5:54  Robotics Bay  
  75  6:00  Probe  
Show
View Real Time Build Order
Export as new Build Order

soul Terran 

Build Orders:  

Get SALT Encoding   

  12  0:00  SCV  
  13  0:12  SCV  
  14  0:17  Supply Depot  
  14  0:24  SCV  
  15  0:38  SCV  
  15  0:41  Barracks  
  16  0:44  Refinery  
  16  0:51  SCV  
  17  1:03  SCV  
  18  1:15  SCV  
  19  1:31  Orbital Command, Marine  
  20  1:44  Command Center  
  20  1:49  Reaper  
  20  1:53  Supply Depot  
  21  1:57  SCV  
  22  2:09  SCV  
  22  2:11  Bunker  
  23  2:16  Factory  
  23  2:22  SCV  
  24  2:24  Barracks Reactor  
  24  2:35  SCV  
  26  2:51  SCV  
  26  2:58  Orbital Command  
  26  3:00  Hellion, Marine x2  
  26  3:03  SCV  
  31  3:11  Command Center  
  31  3:18  Marine x2  
  33  3:22  Factory Tech Lab  
  33  3:25  SCV  
  34  3:32  SCV  
  35  3:36  Marine x2  
  35  3:37  SCV  
  38  3:41  Cyclone  
  38  3:44  SCV, Supply Depot  
  42  3:49  SCV  
  42  3:53  Marine  
  44  3:56  Refinery  
  44  3:58  Barracks, Marine  
  44  4:01  SCV  
  46  4:06  SCV, Supply Depot  
  47  4:11  Engineering Bay  
  47  4:13  SCV  
  47  4:14  Marine  
  49  4:18  Siege Tank  
  49  4:21  SCV  
  53  4:25  SCV  
  53  4:26  Orbital Command  
  51  4:33  SCV, Marine  
  51  4:37  SCV, Missile Turret  
  54  4:43  Refinery  
  54  4:46  Refinery, Barracks  
  54  4:47  Barracks Tech Lab  
  54  4:50  SCV x2  
  54  4:52  Marine  
  57  4:55  SCV  
  57  4:56  Marine  
  58  5:01  Siege Tank  
  58  5:02  SCV  
  62  5:08  Marauder  
  62  5:10  Marine  
  62  5:11  SCV  
  65  5:15  Marine  
  55  5:23  SCV  
  55  5:24  SCV  
  55  5:27  SCV, Marine  
  50  5:29  Marine  
  50  5:33  Marine x2  
  50  5:35  SCV  
  44  5:36  SCV  
  44  5:39  SCV  
  39  5:45  Marine  
  39  5:47  SCV, Marauder  
  44  5:51  Marine x2  
  45  5:58  SCV  
  45  6:00  SCV  
Tags
 
Add a new tag
Caveats
  • Supply blocks, unpowered buildings, or Contaminate may cause inaccurate times.
  • Supply counts are checked every 10 seconds.